 Dungeon Crawl Stone Soup version 0.21-a0-110-g8e1637b (webtiles) character file.

128 nikopol the Firebug (level 4, -4/24 HPs)
             Began as a Deep Elf Fire Elementalist on July 7, 2017.
             Slain by an orc
             ... wielding a +0 club
              (5 damage)
             ... on level 3 of the Dungeon.
             The game lasted 00:07:32 (2085 turns).

nikopol the Firebug (Deep Elf Fire Elementalist)    Turns: 2085, Time: 00:07:33

Health: -4/24      AC:  2    Str:  5    XL:     4   Next: 87%
Magic:  1/12       EV: 13    Int: 21    God:
Gold:   105        SH:  0    Dex: 15    Spells: 8/11 levels left

rFire    . . .     SeeInvis .   f - +0 short sword
rCold    . . .     Gourm    .   (no shield)
rNeg     . . .     Faith    .   a - +0 robe
rPois    .         Spirit   .   (no helmet)
rElec    .         Reflect  .   (no cloak)
rCorr    .         Harm     .   (no gloves)
MR       .....                  (no boots)
Stlth    ++........             (no amulet)
HPRegen  0.08/turn              (no ring)
MPRegen  0.13/turn              (no ring)

@: very slightly contaminated, slowed, very slow
A: no striking features
a: no special abilities


You were on level 3 of the Dungeon.
You were not hungry.

You visited 1 branch of the dungeon, and saw 3 of its levels.

You collected 105 gold pieces.

Inventory:

Hand Weapons
 f - a +0 short sword (weapon)
Armour
 a - a +0 robe (worn)
Scrolls
 d - 7 scrolls of identify {unknown}
 g - 3 scrolls of amnesia {unknown}
 i - a scroll of recharging {unknown}
 m - 2 scrolls of teleportation {unknown}
 p - a scroll of remove curse {unknown}
Potions
 e - a potion of mutation {unknown}
 j - 2 potions of agility {unknown}
 k - a potion of heal wounds {unknown}
 l - 2 potions of curing {unknown}
 n - a potion of cancellation {unknown}
 q - 2 potions of flight {unknown}
Books
 b - a book of Flames

   Spells                             Type                      Level
   a - Flame Tongue                   Conjuration/Fire             1
   b - Throw Flame                    Conjuration/Fire             2
   c - Conjure Flame                  Conjuration/Fire             3
   d - Inner Flame                    Hexes/Fire                   3
   e - Sticky Flame                   Conjuration/Fire             4
   f - Fireball                       Conjuration/Fire             5
Comestibles
 c - 3 bread rations
 h - 11 chunks of flesh
 o - a royal jelly
 r - a meat ration


   Skills:
 + Level 0.1 Fighting
 + Level 2.8 Dodging
 + Level 2.8 Stealth
 + Level 4.3 Spellcasting
 + Level 2.4 Conjurations
 + Level 4.6 Fire Magic


You had 8 spell levels left.
You knew the following spells:

 Your Spells              Type           Power        Failure   Level  Hunger
a - Flame Tongue          Conj/Fire      ###..        2%          1    None
b - Throw Flame           Conj/Fire      ###...       4%          2    #......


Dungeon Overview and Level Annotations

Branches:
Dungeon (3/15)

Altars:


Message History

Confirm with . or Enter, or press ? or * to list all spells.
Aiming: Flame Tongue
Press: ? - help, Shift-Dir - straight line, f/p - orc wizard
Aim: an orc wizard, wielding a dagger and wearing a robe (severely wounded, fast)
The flame tongue hits the orc wizard.
The orc wizard is severely wounded.
The orc wizard gestures at you while chanting.
You feel yourself slow down. The orc wizard barely misses you.
The hobgoblin closely misses you.
Casting: Flame Tongue
Confirm with . or Enter, or press ? or * to list all spells.
Aiming: Flame Tongue
Press: ? - help, Shift-Dir - straight line, f/p - orc wizard
Aim: an orc wizard, wielding a dagger and wearing a robe (severely wounded, fast)
You miscast Flame Tongue.
You are very lightly contaminated with residual magic.
You smell something strange.
The orc wizard hits you but does no damage.
Something hits you.
You die...

.......#####...........###
#.÷........#...........'.#
#.......##.#...........#.#
#.......##.#...........#.#
#......g...#...........#)#
#.##.......+...........#.#
#.##.......#...........#.#
#..........#...g.....###.#
###...........)o@<...+ #.#
#..................# #.#
#....†.............# #.#
#.........#........# #.#
#.........#........# #.#
#...).....###+###### #.#
≈..≈........## #.#
.≈≈≈.........# #.#
≈≈..........)####### #.#


You could see an orc wizard and a hobgoblin.

Vanquished Creatures
  Natasha (D:3)
  3 gnolls (D:3)
  2 adders (D:2)
  3 leopard geckos
  An orc (D:3)
  4 bats
  3 giant cockroaches
  10 goblins
  7 hobgoblins
  5 kobolds
  A quokka (D:2)
  2 frilled lizards
  8 rats
50 creatures vanquished.

Notes
Turn   | Place    | Note
-------+----------+-------------------------------------------
     0 | D:1      | nikopol the Deep Elf Fire Elementalist began the quest for the Orb.
     0 | D:1      | Reached XP level 1. HP: 10/10 MP: 6/6
   361 | D:1      | Reached XP level 2. HP: 13/15 MP: 1/8
  1106 | D:2      | Learned a level 2 spell: Throw Flame
  1253 | D:2      | Reached XP level 3. HP: 19/19 MP: 4/9
  1870 | D:3      | Reached XP level 4. HP: 24/24 MP: 7/11
  2021 | D:3      | Noticed Natasha
  2027 | D:3      | Killed Natasha
  2083 | D:3      | HP: 1/24 [hobgoblin/club (1)]
  2085 | D:3      | Slain by an orc

Vault maps used:
D:1:      minmay_arrival_diagonal_passages, minmay_misc_feat_more_columns,
          minmay_tree_intersection
D:2:      serial_glass, glass_columns_c, glass_columns_c, grunt_ministairs_2
D:3:      nicolae_qazlal_general_emergency, chequers_ecumenical_altar_island,
          uniq_natasha

Skill      XL: |  1  2  3  4 |
---------------+-------------+-----
Fire Magic     | 4 |  4.6
Conjurations   | 2 |  2.4
Spellcasting   | 4 |  4.3
Fighting       | |  0.1
Dodging        | |  2.8
Stealth        | |  2.8

Action                   |  1- 3 |  4- 6 || total
-------------------------+-------+-------++-------
Melee: Short sword       |     1 |       ||     1
 Cast: Flame Tongue      |    74 |    17 ||    91
       Throw Flame       |       |     7 ||     7
  Eat: Chunk             |     3 |       ||     3
Armor: Robe              |     3 |     1 ||     4
Dodge: Dodged            |    18 |     6 ||    24
